 Dungeon Crawl Stone Soup version 0.27-a0-1196-g3e9cee4cb2 (webtiles) character file.

Game seed: 8172654243857644760

10 Glokmah the Grasshopper (level 2, -4/26 HPs)
             Began as a Gnoll Warper on May 29, 2021.
             Slain by a gnoll
             ... wielding a +0 flail
              (8 damage)
             ... on level 1 of the Dungeon.
             The game lasted 00:00:57 (395 turns).

Glokmah the Grasshopper (Gnoll Warper)               Turns: 395, Time: 00:00:58

Health: -4/26      AC:  3    Str: 10    XL:     2   Next: 20%
Magic:  7/7        EV: 12    Int: 12    God:
Gold:   4          SH:  5    Dex: 11    Spells: 10/10 levels left

rFire    . . .     SeeInvis .   a - +0 hand axe
rCold    . . .     Faith    .   f - +2 buckler
rNeg     . . .     Spirit   .   g - +0 leather armour
rPois    .         Reflect  .   (no helmet)
rElec    .         Harm     .   (no cloak)
rCorr    +         Rampage  .   (no gloves)
Will     .....                  (no boots)
Stlth    +.........             (no amulet)
HPRegen  0.08/turn              k - ring of resist corrosion
MPRegen  0.10/turn              (no ring)

@: no status effects
A: fangs 1, strong nose, distributed training
a: no special abilities


You were on level 1 of the Dungeon.
You visited 1 branch of the dungeon, and saw 1 of its levels.

You collected 4 gold pieces.

Inventory:

Hand Weapons
 a - a +0 hand axe (weapon)
 b - a +3 short sword of holy wrath
Missiles
 e - 5 boomerangs of dispersal (quivered)
Armour
 f - a +2 buckler (worn)
 g - a +0 leather armour (worn)
Jewellery
 k - a ring of resist corrosion (left hand)
Scrolls
 d - a scroll of blinking
 i - a scroll of enchant weapon {unknown}
Potions
 c - a potion of lignification {unknown}
 h - a potion of curing {unknown}
 j - a potion of heal wounds {unknown}


   Skills:
 + Level 4.4 Fighting
 + Level 0.3 Short Blades
 + Level 0.3 Long Blades
 + Level 4.4 Axes
 + Level 0.3 Maces & Flails
 + Level 0.3 Polearms
 + Level 0.3 Staves
 + Level 0.3 Slings
 + Level 0.3 Bows
 + Level 0.3 Crossbows
 + Level 2.4 Throwing
 + Level 2.4 Armour
 + Level 4.4 Dodging
 + Level 0.3 Stealth
 + Level 0.3 Shields
 + Level 0.3 Unarmed Combat
 + Level 4.9 Spellcasting
 + Level 0.2 Conjurations
 + Level 0.2 Hexes
 + Level 0.2 Summonings
 + Level 0.2 Necromancy
 + Level 5.3 Translocations
 + Level 0.2 Transmutations
 + Level 0.2 Fire Magic
 + Level 0.2 Ice Magic
 + Level 0.2 Air Magic
 + Level 0.2 Earth Magic
 + Level 0.2 Poison Magic
 + Level 0.4 Invocations
 + Level 0.3 Evocations


You had 10 spell levels left.
You didn't know any spells.
Your spell library contained the following spells:

 Spells                   Type           Power      Damage    Failure   Level
 Blink                    Tloc           N/A        N/A       7%          2
 Gell's Gravitas          Tloc           7%         N/A       14%         3
 Lesser Beckoning         Tloc           7%         N/A       14%         3
 Teleport Other           Tloc           15%        N/A       14%         3
 Manifold Assault         Tloc           15%        N/A       78%         5


Dungeon Overview and Level Annotations

Branches:
Dungeon (1/15)

Altars:


Innate Abilities, Weirdness & Mutations

You have very sharp teeth.
Your uncanny sense of smell can sniff out nearby items.
Your experience applies equally to all skills.


Message History

No target in view!
k - a ring of resist corrosion (left hand)
Found a ring mail.
A gnoll comes into view. It is wielding a +0 flail.
The gnoll shouts!
You hear an angry hiss.
You hear a shout!
Found a short sword.
A goblin comes into view. It is wielding a +0 club.
The goblin shouts!
A kobold comes into view. It is wielding a +0 dagger.
A hobgoblin comes into view.
The hobgoblin shouts!
The kobold shouts!
You hit the gnoll. You bite the gnoll, but do no damage.
The gnoll is lightly wounded.
You block the gnoll's attack.
A ball python comes into view.
The gnoll hits you with a +0 flail. You block the gnoll's attack.
You barely miss the gnoll.
The gnoll is lightly wounded.
You block the gnoll's attack. The gnoll hits you with a +0 flail.
You hit the gnoll.
The gnoll is lightly wounded.
You block the gnoll's attack.
You hit the gnoll.
The gnoll is moderately wounded.
The gnoll hits you with a +0 flail!
* * * LOW HITPOINT WARNING * * *
You hit the gnoll.
The gnoll is severely wounded.
The gnoll completely misses you.
You hit the gnoll.
The gnoll is almost dead.
You hit the kobold but do no damage. The gnoll hits you but does no damage.
The kobold hits you with a +0 dagger.
* * * LOW HITPOINT WARNING * * *
You barely miss the gnoll.
The gnoll is almost dead.
You barely miss the kobold. The gnoll hits you but does no damage.
You block the kobold's attack. The gnoll hits you with a +0 flail!
You die...

#.....#### #...................
#........###........###........
#.....##........>....##........
#..#.######..........##........
#....#.# #..............##.†##..
#.#.##.####.##.........#.##.###..
#... #.#.........###.....##.# #..
.# #.#.......K.# ##... .. ...
#.#.......#@# .. ... #.#
#.......#g#### .... .#
#........gS..## .....
#####.......g.#......
#............... #.............).
..................
###...............
#..........[....


You could see a gnoll, a goblin, a ball python and a kobold.

Vanquished Creatures
  An endoplasm (D:1)
  A giant cockroach (D:1)
  2 goblins (D:1)
  A hobgoblin (D:1)
  2 kobolds (D:1)
  A frilled lizard (D:1)
  A rat (D:1)
9 creatures vanquished.

Notes
Turn   | Place    | Note
-------+----------+-------------------------------------------
     0 | D:1      | Glokmah the Gnoll Warper began the quest for the Orb.
     0 | D:1      | Reached XP level 1. HP: 20/20 MP: 6/6
   200 | D:1      | Reached XP level 2. HP: 24/26 MP: 7/7
   221 | D:1      | Found a faded altar of an unknown god.
   395 | D:1      | Slain by a gnoll

Illustrated notes

Levels and vault maps discovered:
D:1:      dpeg_arrival_short_road, layout_rooms,
          shapermc_ecumenical_altar_starsandcircs, minmay_liquid_box,
          minmay_tree_intersection

Action                   || total
-------------------------++-------
Melee: Hand axe          ||    39
       Bite              ||     7
Armor: Leather armour    ||    11
Dodge: Dodged            ||    17
Block: Buckler           ||     5

Table legend: (Time is in decaauts)
 A = Elapsed time spent in this place.
 B = Non-inter-level travel time spent in this place.
 C = Inter-level travel time spent in this place.
 D = Time resting spent in this place.
 E = Time spent auto-exploring this place.
 F = Levels seen in this place.
 G = Mean time per level.
                   A        B        C        D        E       F      G
               +--------+--------+--------+--------+--------+-----+--------+
         Total |    399 |    399 |      0 |      0 |    243 |   1 |  399.0 |
       Dungeon |    399 |    399 |      0 |      0 |    243 |   1 |  399.0 |
               +--------+--------+--------+--------+--------+-----+--------+

Top non-repeatable levels by time:
     D:1: 399 daAuts
